 Dungeon Crawl Stone Soup version 0.20.1-1-g8b1a95d (webtiles) character file.

1542 Tr0llz0r the Chopper (level 8, -9/105 HPs)
             Began as a White Draconian Berserker on Oct 25, 2017.
             Was a Priest of Trog.
             Killed from afar by Ymberto's ghost (29 damage)
             ... with a flame tongue
             ... on level 7 of the Dungeon.
             The game lasted 00:22:45 (5672 turns).

Tr0llz0r the Chopper (White Draconian Berserker)    Turns: 5672, Time: 00:22:45

Health: -9/105     AC: 24    Str: 21    XL:     8   Next: 56%
Magic:  17/17      EV:  2    Int:  7    God:    Trog [***...]
Gold:   231        SH:  0    Dex: 12    Spells: 7/7 levels left

rFire    . . .     SeeInvis .   m - +0 war axe
rCold    . . .     Gourm    .   (no shield)
rNeg     + + +     Faith    .   (armour unavailable)
rPois    +         Spirit   .   (helmet currently unavailable)
rElec    .         Reflect  .   (cloak currently unavailable)
rCorr    .         Harm     .   (gloves currently unavailable)
MR       .....     NoTele   +   (boots currently unavailable)
Stlth    ++........             (no amulet)
Regen    0.3/turn               w - ring of magical power
MPRegen  0.2/turn               y - +3 ring of evasion

@: lethally poisoned (-9 -> -10), short of breath, tree-form
A: (breathe frost), unfitting armour, AC +6
a: Berserk, Trog's Hand, Burn Spellbooks, Renounce Religion


You were on level 7 of the Dungeon.
You worshipped Trog.
Trog was most pleased with you.
You were not hungry.
You were a tree.
You visited 1 branch of the dungeon, and saw 7 of its levels.

You collected 231 gold pieces.

Inventory:

Hand Weapons
 a - a +0 falchion
 b - a +0 trident
 m - a +0 war axe (weapon)
 B - a +4 quarterstaff of chaos
 C - a +1 flail of protection
Armour
 g - a +1 cloak (melded)
 p - a +1 pair of gloves (melded)
Magical Staves
 E - an uncursed staff of conjuration {unknown}
Jewellery
 w - a ring of magical power (left branch)
 y - a +3 ring of evasion (right branch)
Wands
 z - a wand of flame (18/48)
 D - a wand of acid (8/15)
Scrolls
 c - 3 scrolls of amnesia {unknown}
 d - a scroll of noise {unknown}
 f - 3 scrolls of identify
 i - 3 scrolls of teleportation
 k - 3 scrolls of magic mapping
 o - 4 scrolls of remove curse {unknown}
 q - a scroll of blinking {unknown}
 v - a scroll of enchant armour
Potions
 h - 2 potions of resistance {unknown}
 j - 2 potions of heal wounds {unknown}
 l - a potion of degeneration {unknown}
 n - 2 potions of mutation {unknown}
 t - 2 potions of invisibility {unknown}
 x - a potion of brilliance {unknown}
Comestibles
 r - a royal jelly
 s - a bread ration
 u - a meat ration
 A - 4 fruits


   Skills:
 + Level 6.3 Fighting
 + Level 4.6 Long Blades
 + Level 7.3 Axes
 + Level 4.6 Dodging
 + Level 2.1 Stealth


You had 7 spell levels left.
You didn't know any spells.

Dungeon Overview and Level Annotations

Branches:
Dungeon (7/15)             Temple (0/1) D:5

Altars:
Cheibriados
Vehumet

Annotations:
D:7 Ymberto's ghost, novice DEFE


Innate Abilities, Weirdness & Mutations

((You can breathe waves of freezing cold.))
((You can buffet flying creatures when you breathe cold.))
((Your icy white scales are hard. (AC +6)))
You cannot fit into any form of body armour.
((Your flesh is cold resistant. (rC+)))
((You are cold-blooded and may be slowed by cold attacks.))


Message History

You miss Ymberto's ghost. Ymberto's ghost hits you.
You slash Ymberto's ghost!
Ymberto's ghost is heavily damaged.
You feel sick.
Ymberto's ghost hits you but does no damage. x2
You hit Ymberto's ghost but do no damage.
Ymberto's ghost is heavily damaged.
You feel sick.
Ymberto's ghost hits you but does no damage.
You are electrocuted!
* * * LOW HITPOINT WARNING * * *
You closely miss Ymberto's ghost.
Ymberto's ghost is heavily damaged.
Ymberto's ghost hits you but does no damage.
You barely miss Ymberto's ghost.
Ymberto's ghost is heavily damaged.
You feel sick.
Ymberto's ghost points at you and mumbles some strange words.
The flame tongue hits you!
You die...

#..... #....########
#..... #............
#.....######............
#......>.......#...#....
#.............###.###...
#..............#...#....
+................_......
#......†.......#...#..##
#.....†♣......###.###...
#.......W......#...#....
#.....................##
#...............####.#..
#............... #....
#............... +....
#.............. #....
#.............. ##.##
.......#####)#


You could see Ymberto's ghost.

Vanquished Creatures
  A centaur zombie (D:7)
  Edmund (D:6)
  A phantom (D:6)
  2 ogres
  An ice beast (D:4)
  Blork the orc (D:6)
  A bullfrog (D:6)
  2 scorpions
  A crimson imp (D:6)
  Crazy Yiuf (D:6)
  A bullfrog skeleton (D:4)
  3 hounds
  A jelly (D:6)
  3 worker ants
  An orc wizard (D:4)
  A worker ant zombie (D:6)
  A gnoll (D:1)
  7 adders
  A shadow imp (D:6)
  3 worms (D:2)
  6 dart slugs
  2 leopard geckos
  8 orcs
  9 bats
  4 giant cockroaches
  9 goblins
  6 hobgoblins
  11 jackals
  A quokka (D:6)
  3 ball pythons
  7 frilled lizards
  4 kobolds
  5 rats
109 creatures vanquished.

Notes
Turn   | Place    | Note
-------+----------+-------------------------------------------
     0 | D:1      | Tr0llz0r the Draconian Berserker began the quest for the Orb.
     0 | D:1      | Reached XP level 1. HP: 19/19 MP: 1/1
   166 | D:1      | Reached XP level 2. HP: 25/27 MP: 2/2
   707 | D:1      | Reached XP level 3. HP: 33/33 MP: 3/3
   878 | D:1      | Reached ** piety under Trog
  1721 | D:2      | Reached XP level 4. HP: 40/40 MP: 4/4
  2816 | D:3      | Reached XP level 5. HP: 46/46 MP: 5/5
  3190 | D:4      | Reached *** piety under Trog
  3278 | D:4      | Reached skill level 1 in Axes
  3555 | D:4      | Noticed an ogre
  3569 | D:4      | Killed an ogre
  3569 | D:4      | Reached skill level 2 in Axes
  3569 | D:4      | Reached skill level 1 in Stealth
  3569 | D:4      | Reached XP level 6. HP: 28/53 MP: 6/6
  4341 | D:4      | Reached skill level 3 in Axes
  4398 | D:4      | Noticed an ice beast
  4418 | D:4      | Killed an ice beast
  4418 | D:4      | Reached skill level 5 in Fighting
  4418 | D:4      | Your scales start taking on an icy white colour.
  4418 | D:4      | Reached XP level 7. HP: 41/61 MP: 7/7
  4418 | D:4      | Gained mutation: Your flesh is cold resistant. (rC+) [White Draconian growth]
  4459 | D:5      | Entered Level 5 of the Dungeon
  4562 | D:5      | Found a staircase to the Ecumenical Temple.
  4628 | D:6      | Reached skill level 4 in Axes
  4789 | D:6      | Found a runed door.
  4793 | D:6      | Noticed Crazy Yiuf
  4799 | D:6      | Killed Crazy Yiuf
  4899 | D:6      | Noticed Blork the orc
  4905 | D:6      | Killed Blork the orc
  4960 | D:6      | Noticed Edmund
  4980 | D:6      | Killed Edmund
  4980 | D:6      | Reached skill level 5 in Axes
  5049 | D:6      | Reached XP level 8. HP: 48/70 MP: 8/8
  5246 | D:6      | Found a snail-covered altar of Cheibriados.
  5436 | D:6      | Reached skill level 6 in Axes
  5578 | D:7      | Found a radiant altar of Vehumet.
  5654 | D:7      | Noticed Ymberto's ghost (novice DEFE)
  5664 | D:7      | Reached skill level 7 in Axes
  5672 | D:7      | Killed from afar by Ymberto's ghost

Skill      XL: |  1  2  3  4  5  6  7  8 |
---------------+-------------------------+-----
Dodging        | 3 4 |  4.6
Fighting       | 4 5 6 |  6.3
Long Blades    | 4 |  4.6
Axes           | 2 3 5 7 |  7.3
Stealth        | 1 2 |  2.1

Action                   |  1- 3 |  4- 6 |  7- 9 || total
-------------------------+-------+-------+-------++-------
Melee: Falchion          |   106 |    56 |       ||   162
       Tailslap          |    11 |    23 |    20 ||    54
       War axe           |       |   127 |   118 ||   245
Invok: Berserk           |       |       |     1 ||     1
       Trog's Hand       |       |       |     1 ||     1
 Abil: Breathe Frost     |       |       |     6 ||     6
  Use: Scroll            |     2 |     3 |       ||     5
       Potion            |       |     3 |     1 ||     4
 Stab: Sleeping          |       |       |     2 ||     2
  Eat: Bread ration      |     1 |     2 |       ||     3
       Fruit             |       |     1 |       ||     1
       Royal jelly       |       |       |     2 ||     2
Armor: Skin              |    56 |   117 |    33 ||   206
Dodge: Dodged            |   108 |   177 |   101 ||   386
       Rpst.: Falchion   |    35 |    15 |       ||    50
